 Dungeon Crawl Stone Soup version 0.28.0 (webtiles) character file.

Game seed: 4221041386003975226

606 arthad the Frost Mage (level 7, -6/51 HPs)
             Began as a Gnoll Wanderer on Feb 14, 2022.
             Mangled by a phantom (8 damage)
             ... on level 4 of the Dungeon.
             The game lasted 00:14:12 (5304 turns).

arthad the Frost Mage (Gnoll Wanderer)              Turns: 5304, Time: 00:14:13

Health: -6/51      AC:  4    Str: 11    XL:     7   Next: 42%
Magic:  6/12       EV: 12    Int: 16    God:
Gold:   121        SH:  0    Dex:  9    Spells: 3/13 levels left

rFire   . . .      SeeInvis .   u - +2 dagger (venom)
rCold   . . .      Faith    .   (no shield)
rNeg    . . .      Spirit   .   b - +0 robe
rPois   .          Reflect  .   (no helmet)
rElec   .          Harm     .   o - +0 cloak
rCorr   .          Rampage  .   v - +0 pair of gloves
Will    .....                   (no boots)
Stlth   ++........              (no amulet)
HPRegen 0.17/turn               (no ring)
MPRegen 0.13/turn               (no ring)

@: no status effects
A: fangs 1, strong nose, distributed training
a: no special abilities


You were on level 4 of the Dungeon.
You visited 1 branch of the dungeon, and saw 4 of its levels.

You collected 121 gold pieces.

Inventory:

Hand Weapons
 a - a +0 club
 u - a +2 dagger of venom (weapon)
Missiles
 f - 98 stones
 m - 3 poisoned darts
Armour
 b - a +0 robe (worn)
 o - a +0 cloak (worn)
 v - a +0 pair of gloves (worn)
Magical Staves
 r - a staff of earth
Jewellery
 i - an amulet of guardian spirit
 x - a +6 ring of strength
Wands
 c - a wand of polymorph (5) (quivered)
 s - a wand of charming (8)
Scrolls
 d - a scroll of enchant weapon {unknown}
 g - 2 scrolls of identify {unknown}
 k - a scroll of fog {unknown}
 l - a scroll of magic mapping {unknown}
 t - a scroll of teleportation {unknown}
 w - a scroll of torment {unknown}
Potions
 e - 2 potions of berserk rage {unknown}
 h - 2 potions of might {unknown}
 j - a potion of curing {unknown}
 n - a potion of invisibility {unknown}
 p - a potion of lignification {unknown}
 q - a potion of degeneration {unknown}


   Skills:
 + Level 2.5 Fighting
 + Level 2.5 Short Blades
 + Level 2.5 Long Blades
 + Level 2.5 Axes
 + Level 2.5 Maces & Flails
 + Level 2.5 Polearms
 + Level 2.5 Staves
 + Level 2.5 Slings
 + Level 2.5 Bows
 + Level 2.5 Crossbows
 + Level 2.5 Throwing
 + Level 2.5 Armour
 + Level 3.6 Dodging
 + Level 2.5 Stealth
 + Level 2.5 Shields
 + Level 2.5 Unarmed Combat
 + Level 3.8 Spellcasting
 + Level 2.0 Conjurations
 + Level 2.0 Hexes
 + Level 4.3 Summonings
 + Level 2.0 Necromancy
 + Level 2.0 Translocations
 + Level 2.0 Transmutations
 + Level 2.0 Fire Magic
 + Level 9.0 Ice Magic
 + Level 2.0 Air Magic
 + Level 2.0 Earth Magic
 + Level 2.0 Poison Magic
 + Level 2.7 Invocations
 + Level 3.6 Evocations


You had 3 spell levels left.
You knew the following spells:

 Your Spells              Type           Power      Damage    Failure   Level
a - Freeze                Ice            100%       1d11      1%          1
b - Summon Small Mammal   Summ           64%        N/A       3%          1
c - Ozocubu's Armour      Ice            32%        N/A       1%          3
d - Beastly Appendage     Tmut           18%        N/A       8%          1
e - Summon Ice Beast      Ice/Summ       24%        N/A       11%         4

Your spell library contained the following spells:

 Spells                   Type           Power      Damage    Failure   Level
 Call Canine Familiar     Summ           16%        N/A       9%          3
 Wereblood                Tmut           9%         N/A       11%         2
 Spider Form              Tmut/Pois      9%         N/A       22%         3


Dungeon Overview and Level Annotations

Branches:
Dungeon (4/15)
 Temple: D:4-7

Altars:


Innate Abilities, Weirdness & Mutations

You have very sharp teeth.
Your uncanny sense of smell can sniff out nearby items.
Your experience applies equally to all skills.


Message History

The phantom hits you.
* * * LOW HITPOINT WARNING * * *
The phantom blinks!
You blink.
Unknown command.
Casting: Freeze (safe; 1% risk of failure)
Confirm with . or Enter, or press ? or * to list all spells.
Aiming: Freeze (safe; 1% risk of failure)
Press: ? - help, Shift-Dir - straight line, f/p - phantom
Aim: a phantom (severely damaged)
You freeze the phantom.
The phantom resists.
The phantom is severely damaged.
The phantom hits you.
* * * LOW HITPOINT WARNING * * *
The phantom blinks!
You blink.
Unknown command.
Casting: Freeze (safe; 1% risk of failure)
Confirm with . or Enter, or press ? or * to list all spells.
Aiming: Freeze (safe; 1% risk of failure)
Press: ? - help, Shift-Dir - straight line, f/p - phantom
Aim: a phantom (severely damaged)
You freeze the phantom.
The phantom resists.
The phantom is severely damaged.
The phantom hits you but does no damage.
Unknown command.
Casting: Freeze (safe; 1% risk of failure)
Confirm with . or Enter, or press ? or * to list all spells.
Aiming: Freeze (safe; 1% risk of failure)
Press: ? - help, Shift-Dir - straight line, f/p - phantom
Aim: a phantom (severely damaged)
You freeze the phantom.
The phantom resists.
The phantom is almost destroyed.
The phantom closely misses you.
Casting: Freeze (safe; 1% risk of failure)
Confirm with . or Enter, or press ? or * to list all spells.
Aiming: Freeze (safe; 1% risk of failure)
Press: ? - help, Shift-Dir - straight line, f/p - phantom
Aim: a phantom (almost destroyed)
You freeze the phantom but do no damage.
The phantom completely resists.
The phantom hits you!
You die...

#..........)....#
#.################
#........ยงยง......#
#################.##
.......... ....#
..######## #.###
..'.>.... #.#
..####### #.# '##
#@# .# #W# .# #.# ##
#.# #.# #.# #####
#.# ....# #.# ....#
#.#


You could see a phantom.

Vanquished Creatures
  A necrophage (D:4)
  A bullfrog (D:4)
  An orc priest (D:3)
  An iguana (D:4)
  Natasha (D:4)
  A killer bee zombie (D:4)
  3 gnolls (D:4)
  4 adders
  An adder skeleton (D:4)
  A worm (D:2)
  3 dart slugs
  5 orcs
  2 bats (D:3)
  6 endoplasms
  3 giant cockroaches
  7 goblins
  8 hobgoblins
  7 jackals
  4 kobolds (D:2)
  3 quokkas
  9 ball pythons
  A frilled lizard (D:3)
  A rat (D:2)
74 creatures vanquished.

Vanquished Creatures (collateral kills)
  Grinder (D:4)
  A hound skeleton (D:4)
2 creatures vanquished.

Grand Total: 76 creatures vanquished

Notes
Turn   | Place    | Note
-------+----------+-------------------------------------------
     0 | D:1      | arthad the Gnoll Wanderer began the quest for the Orb.
     0 | D:1      | arthad set off with the following items: a +0 club, a +0
                  | robe, a wand of polymorph (5); and the following spells
                  | available to memorise: Freeze, Ozocubu's Armour, Summon
                  | Small Mammal, Call Canine Familiar, Summon Ice Beast
     0 | D:1      | Reached XP level 1. HP: 13/13 MP: 4/4
     2 | D:1      | Learned a level 1 spell: Freeze
     4 | D:1      | Learned a level 1 spell: Summon Small Mammal
   262 | D:1      | Reached XP level 2. HP: 15/19 MP: 1/5
  1378 | D:2      | Reached XP level 3. HP: 11/25 MP: 1/7
  1614 | D:2      | Learned a level 3 spell: Ozocubu's Armour
  1616 | D:2      | Learned a level 1 spell: Beastly Appendage
  1960 | D:2      | Reached skill level 1 in Invocations
  2512 | D:2      | Reached skill level 1 in Fighting
  2512 | D:2      | Reached skill level 1 in Short Blades
  2512 | D:2      | Reached skill level 1 in Long Blades
  2512 | D:2      | Reached skill level 1 in Axes
  2512 | D:2      | Reached skill level 1 in Maces & Flails
  2512 | D:2      | Reached skill level 1 in Polearms
  2512 | D:2      | Reached skill level 1 in Staves
  2512 | D:2      | Reached skill level 1 in Slings
  2512 | D:2      | Reached skill level 1 in Bows
  2512 | D:2      | Reached skill level 1 in Crossbows
  2512 | D:2      | Reached skill level 1 in Throwing
  2512 | D:2      | Reached skill level 1 in Armour
  2512 | D:2      | Reached skill level 1 in Stealth
  2512 | D:2      | Reached skill level 1 in Shields
  2512 | D:2      | Reached skill level 1 in Unarmed Combat
  2730 | D:3      | Reached XP level 4. HP: 31/32 MP: 3/8
  2787 | D:3      | Found a faded altar of an unknown god.
  3040 | D:3      | Reached skill level 1 in Conjurations
  3040 | D:3      | Reached skill level 1 in Hexes
  3040 | D:3      | Reached skill level 1 in Necromancy
  3040 | D:3      | Reached skill level 1 in Translocations
  3040 | D:3      | Reached skill level 1 in Transmutations
  3040 | D:3      | Reached skill level 1 in Fire Magic
  3040 | D:3      | Reached skill level 1 in Air Magic
  3040 | D:3      | Reached skill level 1 in Earth Magic
  3040 | D:3      | Reached skill level 1 in Poison Magic
  3487 | D:4      | Noticed a necrophage
  3502 | D:4      | Killed a necrophage
  3503 | D:4      | Reached XP level 5. HP: 21/37 MP: 1/9
  3688 | D:4      | Reached XP level 6. HP: 20/44 MP: 4/10
  4050 | D:4      | Learned a level 4 spell: Summon Ice Beast
  4298 | D:4      | Noticed Grinder
  4307 | D:4      | Paralysed by Grinder for 3 turns
  4308 | D:4      | Killed Grinder
  4309 | D:4      | Reached skill level 9 in Ice Magic
  4309 | D:4      | Reached XP level 7. HP: 14/51 MP: 6/12
  4616 | D:4      | Noticed Natasha
  4621 | D:4      | Killed Natasha
  5301 | D:4      | HP: 1/51 [phantom (5)]
  5304 | D:4      | Mangled by a phantom

Illustrated notes

Levels and vault maps discovered:
D:1:      dpeg_arrival_three_smaller_balls, layout_basic, corexii_hall_statues_x
D:2:      layout_basic, chequers_serial_rivers_small_3, minmay_tetromino_l2
D:3:      layout_basic, hellmonk_ecumenical_altar_arch_garden
D:4:      layout_basic, uniq_natasha, uniq_grinder

Skill      XL: |  1  2  3  4  5  6  7 |
---------------+----------------------+-----
Invocations    | 1 2 |  2.7
Fighting       | 1 2 |  2.5
Short Blades   | 1 2 |  2.5
Long Blades    | 1 2 |  2.5
Axes           | 1 2 |  2.5
Maces & Flails | 1 2 |  2.5
Polearms       | 1 2 |  2.5
Staves         | 1 2 |  2.5
Slings         | 1 2 |  2.5
Bows           | 1 2 |  2.5
Crossbows      | 1 2 |  2.5
Throwing       | 1 2 |  2.5
Armour         | 1 2 |  2.5
Stealth        | 1 2 |  2.5
Shields        | 1 2 |  2.5
Unarmed Combat | 1 2 |  2.5
Spellcasting   | 3 |  3.8
Conjurations   | 1 2 |  2.0
Hexes          | 1 2 |  2.0
Necromancy     | 1 2 |  2.0
Translocations | 1 2 |  2.0
Transmutations | 1 2 |  2.0
Fire Magic     | 1 2 |  2.0
Air Magic      | 1 2 |  2.0
Earth Magic    | 1 2 |  2.0
Poison Magic   | 1 2 |  2.0
Dodging        | 3 |  3.6
Summonings     | 4 |  4.3
Evocations     | 3 |  3.6
Ice Magic      | 9 |  9.0

Action                   |  1- 3 |  4- 6 |  7- 9 || total
-------------------------+-------+-------+-------++-------
Melee: Club              |    28 |    10 |       ||    38
       Bite              |     1 |     4 |     7 ||    12
       Dagger            |       |    54 |    61 ||   115
       Punch             |       |       |     1 ||     1
 Cast: Freeze            |    54 |    23 |     6 ||    83
       Summon Small Mamm |     2 |       |       ||     2
       Ozocubu's Armour  |       |     3 |       ||     3
       Summon Ice Beast  |       |     1 |       ||     1
Evoke: Wand              |       |     3 |       ||     3
 Stab: Sleeping          |     1 |     1 |     3 ||     5
Armor: Robe              |    11 |    27 |    13 ||    51
Dodge: Dodged            |    49 |    49 |    27 ||   125
